Map: Temple gelé

Players

Königstiger - Winner!

  • Race: Protoss Protoss
  • League: Platinum
  • Spawn Location: 5:00

zidar

  • Race: Zerg Zerg
  • League: Platinum
  • Spawn Location: 11:00

VOD

Have the link to the VOD?

Description

Time

  • Played on: Nov. 7, 2016, 2:21 p.m.
  • Length: 2:44
Show
View Real Time Build Order
Export as new Build Order

Königstiger Protoss - Winner!

Build Orders: Cannon Rush 

Get SALT Encoding   

  12  0:01  Probe (Chrono Boost)  
  13  0:12  Probe (Chrono Boost)  
  14  0:20  Pylon  
  14  0:23  Probe (Chrono Boost)  
  15  0:39  Forge  
  15  0:41  Probe (Chrono Boost)  
  16  0:50  Pylon  
  16  0:55  Probe (Chrono Boost)  
  17  1:06  Probe (Chrono Boost)  
  18  1:14  Photon Cannon  
  18  1:16  Probe (Chrono Boost)  
  19  1:31  Photon Cannon  
  19  1:32  Photon Cannon  
  19  2:06  Photon Cannon  
  19  2:07  Photon Cannon  
  19  2:11  Photon Cannon  
  19  2:14  Pylon  
  19  2:32  Nexus  
  19  2:40  Pylon  
Show
View Real Time Build Order
Export as new Build Order

zidar Zerg 

Build Orders: Hatch First 

Get SALT Encoding   

  12  0:01  Drone  
  13  0:12  Overlord  
  13  0:17  Drone  
  14  0:24  Extractor  
  14  0:31  Drone x2  
  16  0:53  Hatchery  
  16  0:56  Drone  
  16  1:00  Extractor  
  16  1:01  Drone  
  16  1:32  Spawning Pool  
  13  2:22  Roach Warren  
Tags
 
Add a new tag
Caveats
  • Supply blocks, unpowered buildings, or Contaminate may cause inaccurate times.
  • Supply counts are checked every 10 seconds.